 Dungeon Crawl Stone Soup version 0.24-a0-252-g5076262 (webtiles) character file.

Game seed: 12593542860427601996

1299 Borgoz the Cutter (level 8, 0/48 HPs)
             Began as a Gargoyle Gladiator on Apr 17, 2019.
             Was a Follower of Ashenzari.
             Slain by an orc warrior
             ... wielding a +0 short sword
              (13 damage)
             ... on level 6 of the Dungeon.
             The game lasted 00:06:33 (5251 turns).

Borgoz the Cutter (Gargoyle Gladiator)              Turns: 5251, Time: 00:06:34

Health: 0/48       AC: 13    Str: 19    XL:     8   Next: 57%
Magic:  8/8        EV: 13    Int:  8    God:    Ashenzari [*.....]
Gold:   285        SH:  0    Dex: 13    Spells: 7/7 levels left

rFire    . . .     SeeInvis +   a - +0 rapier
rCold    . . .     Gourm    .   (no shield)
rNeg     + . .     Faith    .   x - +1 ring mail {rPois}
rPois    ∞         Spirit   .   c - +0 helmet
rElec    +         Reflect  .   (no cloak)
rCorr    .         Harm     .   (no gloves)
MR       .....                  (no boots)
Stlth    ++........             (no amulet)
HPRegen  0.16/turn              h - ring of see invisible
MPRegen  0.11/turn              (no ring)

@: no status effects
A: negative energy resistance 1, electricity resistance, unbreathing,
petrification resistance, rot immunity, AC +5
a: Curse Item, Scrying, Renounce Religion


You were on level 6 of the Dungeon.
You worshipped Ashenzari.
Ashenzari was aware of your devotion.
You were not hungry.

You visited 1 branch of the dungeon, and saw 6 of its levels.

You collected 285 gold pieces.

Inventory:

Hand Weapons
 a - a +0 rapier (weapon)
Armour
 c - a +0 helmet (worn)
 x - a +1 ring mail of poison resistance (worn)
Jewellery
 h - a ring of see invisible (left hand)
 z - a cursed +5 ring of intelligence
Wands
 t - a wand of polymorph (11)
 A - a wand of paralysis (6)
 C - a wand of disintegration (10)
Scrolls
 e - a scroll of random uselessness {unknown}
 i - 3 scrolls of magic mapping {unknown}
 j - 3 scrolls of remove curse
 l - 4 scrolls of amnesia {unknown}
 m - 3 scrolls of teleportation {unknown}
 o - 2 scrolls of fog {unknown}
 p - 2 scrolls of enchant weapon {unknown}
 r - 5 scrolls of identify {unknown}
 u - a scroll of immolation {unknown}
 v - 2 scrolls of enchant armour {unknown}
 y - a scroll of summoning {unknown}
Potions
 b - a potion of mutation {unknown}
 g - a potion of haste {unknown}
 k - 3 potions of ambrosia {unknown}
 n - 2 potions of resistance {unknown}
 q - a potion of heal wounds {unknown}
 s - 4 potions of curing
 w - a potion of flight {unknown}
Comestibles
 f - 15 rations
 B - 7 chunks of flesh


   Skills:
 + Level 4.5 Fighting
 * Level 5.6 Short Blades
 - Level 1.7 Throwing
 + Level 3.7 Armour
 * Level 5.1 Dodging
 + Level 4.4 Stealth


You had 7 spell levels left.
You didn't know any spells.
Your spell library contained the following spells:

 Spells                   Type           Power        Failure   Level  Hunger
 Ensorcelled Hibernation  Hex/Ice        #.....       73%         2    ###....
 Borgnjor's Vile Clutch   Necr/Erth      #.........   100%        5    ######.
 Silence                  Hex/Air        #.........   100%        5    ######.
 Darkness                 Hex            #.........   100%        6    #######
 Shadow Creatures         Summ           N/A          100%        6    #######


Dungeon Overview and Level Annotations

Branches:
Dungeon (6/15)
 Temple: D:4-7

Altars:
Ashenzari
Cheibriados
Hepliaklqana
Makhleb
Qazlal
Xom
Zin
The Shining One


Innate Abilities, Weirdness & Mutations

You are resistant to torment.
Your stone body is resilient. (AC +5)
You are immune to poison.
You resist negative energy. (rN+)
You are resistant to electric shocks. (rElec)
You can survive without breathing.
You are immune to petrification.
You are immune to rotting.


Message History

You hit the orc warrior.
The orc warrior is severely wounded.
The orc warrior hits you with a +0 short sword!
* * * LOW HITPOINT WARNING * * *
Firing (i - inventory) No suitable missiles.
Press: ? - help, Shift-Dir - straight line, f/p - orc warrior
Aim: an orc warrior, wielding a +0 short sword and wearing a +0 plate armour (severely wounded)
Okay, then.
Evoke which item? (* to show all) (? for menu, Esc to quit)
Aiming: Disintegrate
Press: ? - help, Shift-Dir - straight line, f/p - orc warrior
Aim: an orc warrior, wielding a +0 short sword and wearing a +0 plate armour (severely wounded, chance to defeat MR: 65%)
The orc warrior struggles to resist.
The orc warrior completely misses you.
Evoke which item? (* to show all) (? for menu, Esc to quit)
Aiming: Disintegrate
Press: ? - help, Shift-Dir - straight line, f/p - orc warrior
Aim: an orc warrior, wielding a +0 short sword and wearing a +0 plate armour (severely wounded, chance to defeat MR: 65%)
The orc warrior struggles to resist.
The orc warrior hits you with a +0 short sword!
You die...

##.........####....####...#
#.........# #....#......#
#.........# #...##......#
##.........# ##...#...#...##
##.........# #....#...#....######
.#.........# #...##...##...#....#
.#.........# #...#.....#...#.##.#
..#.##.##### #..o#...†.#...#<.#.#
....##.#######..@#.....#...#..#.#
#.#.........##...#.)...#...#..#.#
###.........##...#.)(..#...#..#.#
###.........##...#.....#...#..#.#
≈.#.........##...#.....#...#..#.#
≈.#.........##...##...##...#(.#.#
._#.........##....#...#....#..#.#
.##..#.########...#...#...##..#.#
###..#.# #......##...##..#.#


You could see an orc warrior.

Vanquished Creatures
  A sky beast (D:5)
  An orc warrior (D:6)
  2 phantoms
  A centaur (D:5)
  An ogre (D:4)
  A bullfrog (D:4)
  A howler monkey (D:5)
  3 crimson imps
  A bullfrog zombie (D:5)
  2 hounds (D:4)
  A quasit (D:5)
  A jelly (D:6)
  3 orc wizards
  An orc priest (D:6)
  Jessica (D:2)
  A worker ant (D:6)
  A killer bee zombie (D:4)
  A hound skeleton (D:6)
  A gnoll (D:2)
  4 adders
  A shadow imp (D:5)
  An ooze (D:1)
  2 adder zombies
  4 adder skeletons
  A worm (D:2)
  5 dart slugs
  5 leopard geckos
  20 orcs
  9 bats
  2 giant cockroaches
  10 goblins
  10 hobgoblins
  9 jackals
  7 kobolds
  2 quokkas
  A ball python (D:3)
  2 frilled lizards
  A giant cockroach zombie (D:5)
  A leopard gecko skeleton (D:6)
  2 quokka skeletons (D:5)
  A quokka zombie (D:5)
  3 rats
128 creatures vanquished.

Vanquished Creatures (others)
  An orc wizard (D:5)
1 creature vanquished.

Grand Total: 129 creatures vanquished

Notes
Turn   | Place    | Note
-------+----------+-------------------------------------------
     0 | D:1      | Borgoz the Gargoyle Gladiator began the quest for the Orb.
     0 | D:1      | Reached XP level 1. HP: 12/12 MP: 1/1
   102 | D:1      | Reached XP level 2. HP: 15/17 MP: 2/2
   337 | D:1      | Reached XP level 3. HP: 22/22 MP: 3/3
   411 | D:1      | Reached skill level 1 in Stealth
   668 | D:2      | Reached skill level 1 in Armour
   995 | D:2      | Reached XP level 4. HP: 27/27 MP: 4/4
  1024 | D:2      | Noticed Jessica
  1033 | D:2      | Killed Jessica
  1090 | D:2      | Found a shattered altar of Ashenzari.
  1098 | D:2      | Became a worshipper of Ashenzari the Shackled
  1550 | D:3      | Found a stormy altar of Qazlal.
  1560 | D:3      | Reached XP level 5. HP: 32/32 MP: 5/5
  1627 | D:3      | Found a hazy altar of Hepliaklqana.
  2110 | D:4      | Noticed an ogre
  2124 | D:4      | Killed an ogre
  2124 | D:4      | Reached XP level 6. HP: 37/37 MP: 6/6
  2222 | D:4      | Noticed a phantom
  2262 | D:4      | Killed a phantom
  2411 | D:4      | Reached XP level 7. HP: 41/41 MP: 7/7
  2762 | D:5      | Entered Level 5 of the Dungeon
  3123 | D:5      | Reached * piety under Ashenzari
  3127 | D:5      | Found a glowing silver altar of Zin.
  3506 | D:5      | Reached skill level 5 in Short Blades
  3573 | D:5      | Reached XP level 8. HP: 34/48 MP: 8/8
  3717 | D:5      | Found a glowing golden altar of the Shining One.
  4523 | D:6      | Reached skill level 5 in Dodging
  4831 | D:6      | Found a burning altar of Makhleb.
  4831 | D:6      | Noticed a green death
  4839 | D:6      | Found a shimmering altar of Xom.
  5006 | D:6      | Found a snail-covered altar of Cheibriados.
  5251 | D:6      | Slain by an orc warrior

Levels and vault maps discovered:
D:1:      roderic_crossed_star, layout_loops_ring
D:2:      minmay_general_purpose_star, layout_basic,
          nicolae_overflow_crystal_walls, uniq_jessica
D:3:      layout_basic, old_standard_altar, nicolae_qazlal_eye_of_the_storm
D:4:      layout_basic, first_ration, serial_corexii_hall,
          corexii_hall_statues_x, chequers_hall_statues_y
D:5:      layout_loops_ring, zin_academy, basic_altar, hex_medium
D:6:      kennysheep_spiral_hall, layout_basic, makhleb_altar_promises_db,
          tgw_xom, cheibriados_altar_1

Skill      XL: |  1  2  3  4  5  6  7  8 |
---------------+-------------------------+-----
Short Blades   | 3 4 5 |  5.6
Stealth        | 1 2 3 4 |  4.4
Armour         | 1 2 3 |  3.7
Dodging        | 3 4 5 |  5.1
Fighting       | 3 4 |  4.5
Throwing       | |  1.7

Action                   |  1- 3 |  4- 6 |  7- 9 || total
-------------------------+-------+-------+-------++-------
Melee: Rapier            |   100 |   153 |   349 ||   602
Throw: Throwing net      |       |     1 |     3 ||     4
Evoke: Wand              |       |       |     7 ||     7
  Use: Potion            |       |       |     1 ||     1
 Stab: Sleeping          |     1 |     2 |     1 ||     4
       Distracted        |       |     1 |       ||     1
       Held in net/web   |       |     1 |     1 ||     2
       Paralysed         |       |       |     1 ||     1
  Eat: Chunk             |       |     5 |    10 ||    15
Armor: Leather armour    |    47 |    53 |   104 ||   204
       Ring mail         |       |       |    73 ||    73
Dodge: Dodged            |    68 |   104 |   275 ||   447

Table legend:
 A = Non-vault XP
 B = Vault XP
 C = Vault XP percentage of total XP
 D = Non-vault monster count
 E = Vault monster count
 F = Vault count percentage of total count
                 A         B        C        D         E       F
            +---------+---------+-------+---------+---------+-------
      Total |    1782 |      75 |   4.0 |     119 |      10 |   7.8
            +---------+---------+-------+---------+---------+-------
        D:1 |      47 |       0 |   0.0 |      20 |       0 |   0.0
        D:2 |      41 |      53 |  56.4 |      21 |       3 |  12.5
        D:3 |      41 |       0 |   0.0 |      18 |       0 |   0.0
        D:4 |     496 |       0 |   0.0 |      15 |       0 |   0.0
        D:5 |     794 |       0 |   0.0 |      28 |       0 |   0.0
        D:6 |     363 |      22 |   5.7 |      17 |       7 |  29.2
            +---------+---------+-------+---------+---------+-------
